 Dungeon Crawl Stone Soup version 0.25.1-8-g42b30a86e7 (webtiles) character file.

Game seed: 2000712298465239870

96 Descartes the Chucker (level 4, -2/41 HPs)
             Began as a Troll Hunter on Dec 18, 2020.
             Killed by divine providence
             ... invoked by an orc priest
              (13 damage)
             ... on level 3 of the Dungeon.
             The game lasted 00:04:33 (1822 turns).

Descartes the Chucker (Troll Hunter)                Turns: 1822, Time: 00:04:34

Health: -2/41      AC:  6    Str: 20    XL:     4   Next: 41%
Magic:  3/3        EV:  7    Int:  7    God:
Gold:   144        SH:  7    Dex: 11    Spells: 3/3 levels left

rFire    . . .     SeeInvis .     - Unarmed
rCold    . . .     Gourm    +   o - +0 kite shield
rNeg     . . .     Faith    .   b - +0 robe
rPois    .         Spirit   .   (helmet restricted)
rElec    .         Reflect  .   (no cloak)
rCorr    +         Harm     .   (gloves unavailable)
MR       .....                  (boots unavailable)
Stlth    +.........             (no amulet)
HPRegen  0.53/turn              g - ring of resist corrosion
MPRegen  0.08/turn              (no ring)

@: no status effects
A: large, unfitting armour, claws 3, fast metabolism 3, gourmand, regeneration
1, shaggy fur 1, tough skin 3
a: no special abilities


You were on level 3 of the Dungeon.
You were completely stuffed.

You visited 1 branch of the dungeon, and saw 3 of its levels.

You collected 144 gold pieces.

Inventory:

Missiles
 a - 18 sling bullets
 c - 5 large rocks (quivered)
 d - 2 throwing nets
 j - 14 poisoned darts
 l - 20 stones
 m - 25 arrows
 r - 14 bolts
Armour
 b - a +0 robe (worn)
 o - a +0 kite shield (worn)
Jewellery
 g - a ring of resist corrosion (left claw)
Scrolls
 e - 4 scrolls of teleportation {unknown}
 h - a scroll of enchant weapon {unknown}
 i - 2 scrolls of magic mapping {unknown}
 k - a scroll of amnesia {unknown}
 n - 3 scrolls of identify {unknown}
 q - a scroll of enchant armour {unknown}
Potions
 s - a potion of heal wounds {unknown}
Comestibles
 f - 5 rations
 p - 4 chunks of flesh


   Skills:
 - Level 1.5 Fighting
 + Level 4.3 Throwing
 - Level 1.5 Dodging
 - Level 0.3 Stealth
 + Level 1.4 Shields
 + Level 2.3 Unarmed Combat


You had 3 spell levels left.
You didn't know any spells.
Your spell library was empty.

Dungeon Overview and Level Annotations

Branches:
Dungeon (3/15)

Altars:
Dithmenos


Innate Abilities, Weirdness & Mutations

You are too large for most types of armour.
You have claws for hands.
Your metabolism is lightning-fast.
You like to eat raw meat.
Your natural rate of healing is unusually fast.
You are covered in fur. (AC +1)
You have extremely tough skin. (AC +3)


Message History

The orc priest invokes the aid of Beogh against you.
Beogh smites you!
You completely miss the orc.
The orc is heavily wounded.
The orc hits you.
You barely miss the orc.
The orc is heavily wounded.
The orc barely misses you.
You closely miss the orc.
The orc is heavily wounded.
You block the orc's attack.
The orc priest calls down the wrath of Beogh upon you.
Beogh smites you!
* * * LOW HITPOINT WARNING * * *
You barely miss the orc.
The orc is heavily wounded.
The orc closely misses you.
The orc priest mumbles some strange prayers to Beogh against you.
Beogh smites you!
You die...

.#######.####.........####..###.#
.##.............####### ##.# #..
.##.####.####.### #.# ### ....#
#.# #.#### #.# ##### #.# #..).#
#.# #.# ####.# #.# #.# #.# #.#
..# #.# #.# ### #@# #o# #o# #o#
#g# #o# ## ####.# #.#####
######...w#### #.#....#
.............#####.#....=


You could see a worm, an orc priest, 3 orcs and a hobgoblin.

Vanquished Creatures
  4 adders
  A dart slug (D:2)
  A leopard gecko (D:2)
  3 orcs (D:3)
  2 ball pythons
  2 giant cockroaches
  7 hobgoblins
  3 jackals (D:1)
  3 kobolds
  3 quokkas
  4 bats
  A frilled lizard (D:2)
  8 goblins
  10 rats
52 creatures vanquished.

Notes
Turn   | Place    | Note
-------+----------+-------------------------------------------
     0 | D:1      | Descartes the Troll Hunter began the quest for the Orb.
     0 | D:1      | Reached XP level 1. HP: 19/19 MP: 0/0
   366 | D:1      | Reached skill level 1 in Unarmed Combat
   373 | D:1      | Reached XP level 2. HP: 25/27 MP: 1/1
   622 | D:2      | Reached skill level 4 in Throwing
   624 | D:2      | Reached XP level 3. HP: 33/33 MP: 2/2
   923 | D:2      | Reached skill level 1 in Shields
  1292 | D:2      | Reached XP level 4. HP: 40/41 MP: 3/3
  1771 | D:3      | Found a shadowy altar of Dithmenos.
  1822 | D:3      | Killed from afar by an orc priest

Illustrated notes

Levels and vault maps discovered:
D:1:      nzn_arrival_water_spiral, layout_basic, minmay_statues_item
D:2:      layout_basic, feat_on_display
D:3:      layout_loops_ring, nicolae_dithmenos_shadow_blocks

Skill      XL: |  1  2  3 |
---------------+----------+-----
Unarmed Combat | 1 2 |  2.3
Throwing       | 4 |  4.3
Shields        | 1 |  1.4
Fighting       | |  1.5
Dodging        | |  1.5
Stealth        | |  0.3

Action                   |  1- 3 |  4- 6 || total
-------------------------+-------+-------++-------
Melee: Short sword       |    17 |       ||    17
       Unarmed           |    81 |    75 ||   156
 Stab: Sleeping          |     1 |       ||     1
  Eat: Chunk             |    17 |     5 ||    22
Armor: Robe              |    43 |    27 ||    70
Dodge: Dodged            |    34 |    17 ||    51
Block: Kite shield       |    29 |    24 ||    53
